[Event "EYCC O18-ch 2024"]
[Site "Prague"]
[Date "2024.08.30"]
[Round "8.2"]
[White "Razafindratsima, Timothe"]
[Black "Sokolovsky, Yahli"]
[Result "1-0"]
[ECO "C84"]
[WhiteElo "2457"]
[BlackElo "2522"]
[Annotator "TA"]
[PlyCount "161"]
[EventDate "2024.08.19"]
[EventType "swiss"]
[EventCountry "CZE"]
[SourceTitle "playchess.com"]
[Source "ChessBase"]
[SourceQuality "1"]
[TimeControl "5400+30"]

1. e4 e5 2. Nf3 Nc6 3. Bb5 a6 4. Ba4 Nf6 5. O-O Be7 6. d3 b5 7. Bb3 d6 8. c3 O-O 9. Bc2 Re8 10. Nbd2 Bf8 11. Re1 {[%emt 0:01:44] The position is equal.} Ne7 12. a4 Bd7 13. d4 Ng6 14. Nf1 h6 15. Ng3 Rb8 16. Be3 c5 17. Qd3 (17. d5 {was preferrable.}) 17... Bg4 18. Nd2 Bd7 19. h3 c4 (19... cxd4 $15 20. cxd4 d5) 20. Qf1 $14 d5 21. axb5 Bxb5 22. f4 exd4 23. Bxd4 dxe4 24. Ndxe4 Nd5 25. Nh5 {[%emt 0:04:30] Rad1 would now be deadly.} Qc7 $1 26. Qf3 Bc6 (26... Ndxf4 $2 27. Nef6+ Kh8 28. Nxe8 Bxe8 29. Rxa6 $18) 27. f5 Rxb2 (27... Ngf4 $1 $11 {remains equal.} 28. Rxa6 Nxh5 29. Qxh5 Rxb2) 28. Rac1 $2 {[%emt 0:02:26][%mdl 8192] The board is on fire.} (28. fxg6 $16 {is necessary to keep the advantage.} Rxc2 29. Nef6+ Nxf6 30. Nxf6+ gxf6 31. gxf7+ Qxf7 32. Qxc6 Rxe1+ 33. Rxe1) 28... Ngf4 $19 29. Nhg3 {[%emt 0:01:32] [#]} Nd3 30. Bxd3 $17 cxd3 31. c4 d2 (31... Nf4 $1 $17 32. Bxb2 d2) 32. cxd5 $15 dxe1=Q+ (32... Rc2 $5 33. Nxd2 Bxd5 34. Qxd5 Rxc1 35. Rxc1 Qxc1+ 36. Ngf1 Qc7 $17) 33. Rxe1 Qa5 (33... Rd2 $11 34. dxc6 (34. Nxd2 $2 Rxe1+ 35. Kf2 Ba4 $19) 34... Rxd4 35. Nf6+ gxf6 36. Rxe8 Rd8 (36... Rc4 $2 37. Qa3 $18)) 34. Rd1 $1 $14 Rb3 35. Qxb3 $18 Bxd5 (35... Qxd5 {is a better defense.} 36. Qxd5 Bxd5) 36. Qd3 Qc7 $2 (36... Bxe4 37. Nxe4 Rd8) 37. Bf2 (37. Nf6+ $142 gxf6 38. Nh5 (38. Bxf6 Bc5+ 39. Kh1 Bc6 $11)) 37... Bc6 38. Re1 Bb4 39. Rb1 a5 {[%emt 0:00:07] [#]} 40. Qc4 $1 {[%emt 0:00:18] And now Rc1 would win.} Qd7 (40... Rc8 $142 41. Rd1 Bf8) 41. Nc5 Qd8 (41... Bxc5 $142 42. Qxc5 a4) 42. Nd3 Bd5 43. Qg4 Bc3 44. Nf4 (44. Bd4 Bxd4+ 45. Qxd4 Ba2 46. Qxd8 Rxd8 $11) 44... Ba2 (44... Ba8 $142 45. Rc1 Bb2) 45. Rd1 Qg5 46. Qxg5 (46. Qf3 $142) 46... hxg5 47. Nfe2 Bb4 48. Nc1 Bb1 49. Nce2 (49. Rd4 $16) 49... Bc2 $2 ({Better is} 49... Ba2 $1 $11) 50. Rd4 Rb8 51. Ne4 (51. Rd5 $142) 51... f6 $16 52. Kh2 a4 53. Bg3 Rb6 54. Bc7 (54. Rd8+ Kh7 55. Nd6 Bb3 $18 (55... a3 $2 56. Nd4 $18)) 54... Rb7 55. Bd6 Ba5 (55... Bxe4 $16 56. Rxb4 (56. Bxb4 Bxf5 57. Ba3 Bd7 $16) 56... Rxb4 57. Bxb4 Bxf5) 56. N4c3 a3 57. Bxa3 Rb3 {[%emt 0:00:19] [#]} 58. Bd6 Bxf5 59. Rd5 Bxc3 60. Rxf5 {[%emt 0:00:08] Rf3 is the strong threat.} (60. Nxc3 $6 Bxh3 61. Ne4 Bg4 $16) 60... Bd2 61. Rd5 Rb2 62. Nd4 Kf7 63. Nf3 Be3 64. Rd3 Bb6 65. Rd2 Rb1 66. Rc2 Ke6 67. Bc7 Ba7 68. Ra2 Bc5 69. Rc2 $2 (69. g4 $18) 69... Kd5 $2 (69... Ba7 $11 {and Black has nothing to worry.} 70. Bg3 Rb7) 70. Bg3 Rb4 71. Bf2 Bd6+ 72. g3 {[%emt 0:00:06][%cal Bg2g3,Bg3g4][%mdl 32] Hoping for Rd2+.} Ke4 73. Kg2 Kf5 74. Nd4+ Kg6 75. g4 Kf7 76. Nf5 Bf4 77. Ra2 {[%emt 0:00:42] Black must now prevent Ra7+.} g6 78. Ra7+ Ke6 79. Ra6+ Kd7 $2 (79... Kf7 80. Ra7+ Ke6 81. Nd4+ Kd6 82. Ra6+ Kd5) 80. Ne3 $18 f5 81. Nd5 {[%emt 0:01:02] Weighted Error Value: White=0.37/Black=0.42.  Loses game:     	White=1     	Black=1      Missed win:     	White=1     	---        Mistake:       	White=5     	Black=14     Inaccurate:     	White=2     	Black=7      OK:         	White=32    	Black=23     Best:        	White=6     	Black=4      Strong:       	White=1     	Black=1} ({Weaker is} 81. Rxg6 Bxe3 82. Rg7+ (82. Bxe3 fxg4 83. hxg4 Rxg4+ 84. Kf1 Ke7 $16) (82. gxf5 Rb2 $11) 82... Ke6 $14) 1-0

[Event "EYCC O18-ch 2024"]
[Site "Prague"]
[Date "2024.08.30"]
[Round "8.2"]
[White "Engin, Onur Cinar"]
[Black "Vergara Anton, Diego"]
[Result "1-0"]
[ECO "C02"]
[WhiteElo "2215"]
[BlackElo "2416"]
[Annotator "RC"]
[PlyCount "105"]
[EventDate "2024.08.19"]
[EventType "swiss"]
[EventCountry "CZE"]
[SourceTitle "playchess.com"]
[Source "ChessBase"]
[SourceQuality "1"]
[TimeControl "5400+30"]

1. e4 e6 2. d4 d5 3. e5 c5 4. c3 Nc6 5. Nf3 Bd7 6. Be2 Nge7 7. O-O Nf5 8. dxc5 a5 9. Bd3 Bxc5 10. Bxf5 exf5 11. Qxd5 Qb6 12. Nbd2 Be6 13. Qd3 O-O 14. Nb3 Rad8 15. Qc2 Bc4 16. Nxc5 Bxf1 17. Bg5 Qxc5 18. Bxd8 Bxg2 19. Kxg2 Rxd8 20. Qxf5 Qd5 21. b3 Ne7 22. Qg4 Qc6 23. Re1 Ng6 24. Re3 Re8 25. Kg3 Qc7 26. Kg2 h6 27. Qe4 Qd7 28. h3 Re6 29. Qf5 Qd1 30. Kh2 Qf1 31. Nd2 Qc1 32. Nf3 Ne7 33. Qd3 Rg6 34. Qd8+ Kh7 35. Qd3 Kg8 36. Qd8+ Kh7 37. Qd3 Kh8 38. Ne1 Qb2 39. Re2 Qc1 40. Qd8+ Kh7 41. Qxe7 Qf4+ 42. Kh1 Qf5 43. Qh4 Rg5 44. Qe4 g6 45. Qxf5 Rxf5 46. Kg2 g5 47. Nf3 Rf4 48. Kg3 a4 49. Rd2 b5 50. Rd4 axb3 51. axb3 Rf5 52. Kg4 Kg6 53. Rd6+ 1-0

[Event "EYCC O18-ch 2024"]
[Site "Prague"]
[Date "2024.08.30"]
[Round "8.3"]
[White "Stalmach, Richard"]
[Black "Malek, Jan"]
[Result "1-0"]
[ECO "A13"]
[WhiteElo "2443"]
[BlackElo "2482"]
[Annotator "TA"]
[PlyCount "75"]
[EventDate "2024.08.19"]
[EventType "swiss"]
[EventCountry "CZE"]
[SourceTitle "playchess.com"]
[Source "ChessBase"]
[SourceQuality "1"]
[TimeControl "5400+30"]

1. Nf3 d5 2. c4 e6 3. g3 dxc4 4. Qa4+ Qd7 5. Qxc4 c5 6. Bg2 Nc6 {[%emt 0:00:07] Inhibits d4.} 7. O-O Nf6 8. Nc3 {[%emt 0:12:59][%cal Od2d4] White is slightly better.} Be7 9. Rd1 e5 10. e3 Qe6 11. Qf1 O-O $1 12. d4 cxd4 13. exd4 Nxd4 14. Nxd4 exd4 15. Rxd4 Bc5 (15... Qb6 {simplifies} 16. Rd2 Be6 17. Qb5 Qxb5 18. Nxb5 Bc5) 16. Rc4 b6 17. b4 (17. Bxa8 $6 Ba6 $11) 17... Ba6 18. b5 $1 Rac8 19. Ra4 (19. bxa6 $6 Bxf2+ 20. Qxf2 Qxc4 $11) (19. Bh3 $2 Qxc4 20. Qxc4 Bxf2+ 21. Kxf2 Rxc4 $19) 19... Ng4 {[%emt 0:25:50] [#]} 20. Ne4 (20. Rxa6 $2 Bxf2+ 21. Kh1 Rxc3 $19) (20. Rxg4 $6 Qxg4 21. bxa6 Bd4 $11) 20... Qe5 {[%emt 0:14:55] aiming for ...Bxb5.} 21. Rb1 (21. Bf4 $16 Bxb5 22. Bxe5 Bxf1 23. Bxg7 (23. Rxf1 Nxe5 24. Rxa7 Bd4 $11) 23... Kxg7 24. Bxf1 (24. Rxf1 b5 $16)) 21... Bb7 $1 $11 {[%emt 0:10:50] Hoping for ...Bxe4.} (21... Qh5 $2 22. h3 (22. Rxa6 $2 Qxh2#) 22... Nxf2 23. Nxc5 (23. Nxf2 Bxf2+ 24. Kh2 Rxc1 $16) 23... Nxh3+ 24. Bxh3 $18) 22. h3 Nxf2 $1 23. Nxf2 (23. Nxc5 Qxc5 24. Bxb7 Ne4+ (24... Nxh3+ $2 25. Kg2 $18) 25. Kh2 Qc2+ 26. Qg2 Qxb1 $17 (26... Qxa4 27. Bxe4 Rfe8 28. Bd3 $15)) 23... Bxg2 (23... Qxg3 24. Rg4 Bxf2+ 25. Qxf2 Qxf2+ 26. Kxf2 Rc2+ (26... h5 27. Rg3 $16) 27. Kg1 $14) 24. Kxg2 Qd5+ 25. Kh2 {[%emt 0:00:07] And now Rb2 would win.} Rfe8 $2 {[%emt 0:08:47][%mdl 8192] A mistake that costs the game.} (25... Bxf2 $1 $11 {and Black stays safe.} 26. Qxf2 Qd3) 26. Rb2 $18 (26. Rxa7 Bxf2 27. Qxf2 Re1 28. Qxe1 Rc2+ $15) 26... h5 27. Qd3 (27. Rxa7 Bd4 28. Qd1 Rc4 $11) 27... Qb7 {[%emt 0:01:20] Threatens to win with ...Bxf2.} 28. Ne4 Bg1+ 29. Kxg1 Rxc1+ 30. Kh2 f5 31. Qe3 Qc8 {[%emt 0:01:00] ...Rc2+ would now be deadly.} 32. Qb3+ Kh8 {[%emt 0:00:01] [#]} 33. Nf2 {[%emt 0:00:43][%cal Ob3f7] Black must now prevent Qf7!} Ree1 34. Qf3 {[%emt 0:02:39] Repels Qa8} ({Not} 34. Rxa7 h4 35. Qf3 (35. gxh4 $2 {too greedy.} Qb8+ 36. Qg3 Qxa7 $19) 35... hxg3+ 36. Qxg3 Rg1 $18) 34... g6 (34... Qd7 $142 35. Qxh5+ Kg8) 35. Rxa7 {[%emt 0:00:13] Qf4 would kill now.} Qe8 36. Qf4 Qf8 37. Qd4+ Kg8 38. Qd7 {[%emt 0:00:20] Weighted Error Value: White=0.09 (flawless) /Black=0.43.  Loses game:     	---       	Black=1      Mistake:       	White=1     	Black=2      Inaccurate:     	White=1     	Black=2      OK:         	White=14    	Black=7      Best:        	White=3     	Black=4      Strong:       	White=1     	Black=3} 1-0

[Event "EYCC O18-ch 2024"]
[Site "Prague"]
[Date "2024.08.30"]
[Round "8.3"]
[White "Chyzy, Jakub"]
[Black "Backiel, Hubert"]
[Result "0-1"]
[ECO "C26"]
[WhiteElo "2368"]
[BlackElo "2216"]
[Annotator "RC"]
[PlyCount "64"]
[EventDate "2024.08.19"]
[EventType "swiss"]
[EventCountry "CZE"]
[SourceTitle "playchess.com"]
[Source "ChessBase"]
[SourceQuality "1"]
[TimeControl "5400+30"]

1. e4 e5 2. Nc3 Nf6 3. d4 exd4 4. Qxd4 Nc6 5. Qd3 Bc5 6. Bf4 O-O 7. O-O-O Ng4 8. Nh3 Nxf2 9. Nxf2 Bxf2 10. e5 Bd4 11. Qg3 Bxc3 12. Qxc3 Qe7 13. h4 Re8 14. Bc4 d5 15. exd6 cxd6 16. Rhe1 Be6 17. Bxe6 fxe6 18. Bxd6 Qxh4 19. Qb3 Rad8 20. g3 Qg5+ 21. Kb1 Qf6 22. a3 Rd7 23. Bf4 Qe7 24. Rd3 Rxd3 25. Qxd3 e5 26. Be3 e4 27. Qd5+ Qf7 28. Qg5 Ne5 29. Rh1 h6 30. Qh4 Nc4 31. Bd4 Nd2+ 32. Ka1 Nf3 0-1

[Event "EYCC O18-ch 2024"]
[Site "Prague"]
[Date "2024.08.30"]
[Round "8.4"]
[White "Elmi, Saad Abobaker"]
[Black "Rozen, Eytan"]
[Result "1/2-1/2"]
[ECO "E73"]
[WhiteElo "2383"]
[BlackElo "2478"]
[Annotator "TA"]
[PlyCount "73"]
[EventDate "2024.08.19"]
[EventType "swiss"]
[EventCountry "CZE"]
[SourceTitle "playchess.com"]
[Source "ChessBase"]
[SourceQuality "1"]
[TimeControl "5400+30"]

1. d4 Nf6 2. c4 g6 3. Nc3 Bg7 4. e4 d6 5. Be2 O-O 6. Be3 c5 7. d5 Qb6 8. Rb1 Qa5 9. Bd2 e6 {[%emt 0:00:24] White has an edge.} 10. Nf3 exd5 11. exd5 Qb6 12. b3 Bf5 13. Rc1 Ne4 14. Nh4 (14. Nxe4 $16 {Nc3 is the strong threat.} Bxe4 15. Ng5) 14... Nxc3 $11 15. Bxc3 {[%emt 0:00:16] [#] Hoping for Nxf5.} Bc8 16. Bxg7 Kxg7 17. O-O Qd8 18. Nf3 Bg4 {[%emt 0:06:32] [#]} 19. Nd4 $1 Bxe2 (19... Bd7 20. Nc2) 20. Nxe2 Re8 21. Nc3 Nd7 22. Re1 Rxe1+ 23. Qxe1 Nf6 24. Qd2 Qe7 25. Re1 Qd7 26. Ne4 Nxe4 {[%emt 0:08:47] The position is equal.} 27. Rxe4 {[%emt 0:00:06][%mdl 4096] Endgame. KQR-KQR} Re8 (27... b5 {with more complications.} 28. Rh4 h5 29. cxb5 Qxb5 30. g4 Qb4) 28. Qe3 Rxe4 29. Qxe4 {[%emt 0:00:02] KQ-KQ} Qd8 30. g3 Qf6 31. Kg2 h5 32. h4 Kf8 33. Qe3 Qf5 34. Qc3 Qe4+ 35. Kh2 Qf5 {[%emt 0:02:15] Dodges Qf6} 36. Kg2 Qe4+ 37. Kh2 {[%emt 0:00:08] Weighted Error Value: White=0.07 (flawless) /Black=0.05 (flawless) .  Mistake:       	White=1     	---        Inaccurate:     	White=1     	Black=2      OK:         	White=8     	Black=16} 1/2-1/2

[Event "EYCC O18-ch 2024"]
[Site "Prague"]
[Date "2024.08.30"]
[Round "8.4"]
[White "Kienboeck, Benjamin"]
[Black "Palczert, Matyas"]
[Result "0-1"]
[ECO "C78"]
[WhiteElo "2214"]
[BlackElo "2341"]
[Annotator "RC"]
[PlyCount "108"]
[EventDate "2024.08.19"]
[EventType "swiss"]
[EventCountry "CZE"]
[SourceTitle "playchess.com"]
[Source "ChessBase"]
[SourceQuality "1"]
[TimeControl "5400+30"]

1. e4 e5 2. Nf3 Nc6 3. Bb5 a6 4. Ba4 Nf6 5. O-O Bc5 6. c3 O-O 7. d4 Ba7 8. Re1 d6 9. h3 h6 10. Bxc6 bxc6 11. dxe5 dxe5 12. Qxd8 Rxd8 13. Nbd2 Nd7 14. Nc4 Re8 15. Be3 Bxe3 16. Rxe3 f6 17. Rd1 a5 18. Red3 Nc5 19. Rd8 Kf7 20. Rxe8 Kxe8 21. Nfd2 Be6 22. Nb3 Nxe4 23. Nbxa5 Bxc4 24. Nxc4 Rxa2 25. f4 exf4 26. Re1 f5 27. Nd2 g5 28. Nxe4 fxe4 29. Rxe4+ Kd7 30. Re2 Ra1+ 31. Kf2 Rd1 32. Kf3 Rd3+ 33. Ke4 Rg3 34. h4 Ke6 35. hxg5 hxg5 36. Kd4+ Kf5 37. b4 c5+ 38. bxc5 c6 39. Re5+ Kf6 40. Re2 g4 41. Ke4 Kg5 42. Kd4 Kh4 43. Rf2 f3 44. gxf3 Rxf3 45. Rh2+ Kg5 46. Ke5 Rxc3 47. Kd6 Rh3 48. Rd2 Rh6+ 49. Ke5 g3 50. Ke4 Kg4 51. Ke5 Kf3 52. Rd6 Rh5+ 53. Kd4 g2 54. Rg6 Rh4+ 0-1

[Event "EYCC O18-ch 2024"]
[Site "Prague"]
[Date "2024.08.30"]
[Round "8.5"]
[White "Karolczuk, Iwo"]
[Black "Macias Pino, Diego"]
[Result "0-1"]
[ECO "E32"]
[WhiteElo "2356"]
[BlackElo "2477"]
[Annotator "TA"]
[PlyCount "130"]
[EventDate "2024.08.19"]
[EventType "swiss"]
[EventCountry "CZE"]
[SourceTitle "playchess.com"]
[Source "ChessBase"]
[SourceQuality "1"]
[TimeControl "5400+30"]

1. d4 Nf6 2. c4 e6 3. Nc3 Bb4 4. Qc2 O-O 5. e4 d6 6. Bd3 Nc6 7. Nge2 Ba5 8. d5 (8. a3 $11) 8... Nb4 $15 9. Qd1 Ng4 $1 {[%emt 0:05:05] Hoping for ...Bb6.} 10. Bf4 e5 11. Bg3 f5 12. exf5 Nxd3+ 13. Qxd3 Bxf5 14. Qd2 Bb6 15. O-O Qe8 {[%emt 0:01:16] Dodges Na4} 16. Rae1 Qg6 17. Na4 $1 Bd3 18. Nxb6 axb6 19. f3 Nf6 {[%emt 0:00:54] Black is much more active.} 20. b3 b5 21. cxb5 Bxb5 (21... Nxd5 22. Nc1 Nf4 23. Rf2 $18) 22. a4 Qd3 (22... Bxe2 {simplifies} 23. Rxe2 b6 24. Qd1 Ra5) 23. Qb2 Ba6 24. Nc3 Nxd5 25. Nxd5 Qxd5 26. Rf2 Rae8 27. b4 {[%emt 0:03:05] Black must now prevent Rd2.} Bc4 28. Qc3 c6 29. Rd2 Qe6 30. f4 e4 31. f5 Rxf5 (31... Qxf5 $2 32. Qxc4+ d5 33. Qc3 $18) 32. Rxd6 Qf7 {[%emt 0:00:25] ( -> ...Rf1+)} 33. h3 Bd5 34. Qe3 h6 35. Kh2 Ra8 36. Ra1 Kh7 37. Qd4 Re8 38. Qe3 Qe7 39. b5 Ra8 40. b6 Rf6 41. Rxf6 Qxf6 42. Ra3 Qe6 43. a5 Bc4 44. Ra4 Qd5 {[%emt 0:01:14][%cal Oh7g8] Black is weak on the dark squares} 45. Qc3 (45. Qf4 $5) 45... Bd3 46. Be5 c5 {[%emt 0:01:57] Threatening ...Re8.} 47. Ra1 (47. Bxg7 $11 Re8 (47... Qd7 48. a6 $11) 48. Qf6) 47... e3 {[%emt 0:02:59] Threatens to win with ...Rf8.} 48. a6 Bxa6 {[%emt 0:02:43] ...Rf8 would now be deadly.} 49. Qxe3 Re8 50. Re1 {[%emt 0:00:07] [#]} Re6 $1 $40 {[%emt 0:00:45][%mdl 128] White is in trouble.} 51. Qg3 Rg6 (51... Rxb6 52. Qxg7#) 52. Qf2 Bd3 (52... Rxb6 $6 53. Bxg7 Kxg7 54. Re7+ Kg6 55. Qg3+ Qg5 56. Qc7 $11) 53. Bc7 (53. Bg3 $17) 53... Be4 $19 54. Rg1 c4 {[%emt 0:02:47] aiming for ...c3.} 55. Bf4 $2 (55. Qe3 {keeps fighting.}) 55... c3 56. Be3 c2 57. Qe2 Qe5+ 58. g3 Rf6 59. Rf1 {[%emt 0:00:03] Repels Rf3} Re6 {[%emt 0:01:28] Strongly threatening ...Bg6.} 60. Re1 Bg6 61. Qd2 {[%emt 0:00:41] Repels Qc3} Rd6 62. Qf2 Rd1 63. Qe2 {[%emt 0:01:15] [#]} c1=Q 64. Bxc1 Rxe1 65. Bg5 Qxe2# {[%emt 0:00:05] Weighted Error Value: White=0.46/Black=0.19 (very precise) .  Mistake:       	White=4     	---        Inaccurate:     	White=11    	Black=8      OK:         	White=19    	Black=22     Best:        	White=7     	Black=2      Strong:       	White=1     	Black=2} 0-1

[Event "EYCC O18-ch 2024"]
[Site "Prague"]
[Date "2024.08.30"]
[Round "8.5"]
[White "Kasipour Azbari, Seyed Arvin"]
[Black "Baranciuc, Alexandr"]
[Result "0-1"]
[ECO "C50"]
[WhiteElo "2212"]
[BlackElo "2332"]
[Annotator "RC"]
[PlyCount "110"]
[EventDate "2024.08.19"]
[EventType "swiss"]
[EventCountry "CZE"]
[SourceTitle "playchess.com"]
[Source "ChessBase"]
[SourceQuality "1"]
[TimeControl "5400+30"]

1. e4 e5 2. Nf3 Nc6 3. Bc4 Bc5 4. O-O Nf6 5. d4 Bxd4 6. Nxd4 Nxd4 7. Bg5 Qe7 8. Nc3 c6 9. f4 Qc5 10. Bxf7+ Kxf7 11. fxe5 Nf3+ 12. Kh1 Qxe5 13. Qxf3 Qxg5 14. e5 d5 15. exf6 gxf6 16. Rae1 Bd7 17. Qd3 Rae8 18. Rxe8 Kxe8 19. Ne2 Kd8 20. c4 dxc4 21. Qxc4 Kc8 22. Qf7 Qe5 23. Qxf6 Qxf6 24. Rxf6 Re8 25. Ng1 Be6 26. a3 Bd5 27. h4 Kc7 28. Rh6 Re7 29. Nf3 Kb6 30. Kh2 Kc5 31. Ng5 Bg8 32. Rf6 Kc4 33. Rf8 Rg7 34. Rf3 Bd5 35. Rc3+ Kb5 36. Re3 a5 37. Ne4 Kc4 38. Ng3 Rf7 39. Rc3+ Kb5 40. Rc2 Rf4 41. h5 Rh4+ 42. Kg1 Ka4 43. Rc3 b5 44. Re3 b4 45. Re7 bxa3 46. bxa3 h6 47. Rh7 Rg4 48. Kh2 Rh4+ 49. Kg1 Kxa3 50. Rxh6 a4 51. Nf5 Re4 52. Rg6 Kb2 53. h6 a3 54. h7 Re8 55. Kh2 a2 0-1

[Event "EYCC O18-ch 2024"]
[Site "Prague"]
[Date "2024.08.30"]
[Round "8.6"]
[White "Piliposyan, Robert"]
[Black "Levin, Guy"]
[Result "1-0"]
[ECO "A21"]
[WhiteElo "2376"]
[BlackElo "2436"]
[Annotator "RC"]
[PlyCount "91"]
[EventDate "2024.08.19"]
[EventType "swiss"]
[EventCountry "CZE"]
[SourceTitle "playchess.com"]
[Source "ChessBase"]
[SourceQuality "1"]
[TimeControl "5400+30"]

1. c4 e5 2. Nc3 Bb4 3. Nd5 a5 4. Nf3 d6 5. a3 Bc5 6. e3 c6 7. Nc3 Nd7 8. d4 Ba7 9. d5 Qe7 10. Qc2 Ngf6 11. Be2 O-O 12. O-O e4 13. Nd2 Re8 14. b4 h5 15. Bb2 h4 16. Rfd1 h3 17. g3 c5 18. Nb5 Bb6 19. bxc5 Nxc5 20. Bd4 Bf5 21. Rab1 Rac8 22. Qb2 Bd8 23. Bxf6 gxf6 24. Nd4 Bd7 25. Rf1 f5 26. N2b3 b6 27. Rfd1 Qe5 28. Nxc5 bxc5 29. Nc6 Qxb2 30. Rxb2 Bxc6 31. dxc6 Rxc6 32. Bf1 Kf8 33. Bxh3 Re5 34. Rd5 Rxd5 35. cxd5 Rc7 36. Bxf5 c4 37. Bxe4 c3 38. Rb8 Ke8 39. Bc2 Rc5 40. e4 Kd7 41. Rb7+ Rc7 42. Rxc7+ Bxc7 43. f4 f6 44. Kf2 Ke7 45. Kf3 Bb6 46. a4 1-0

[Event "EYCC O18-ch 2024"]
[Site "Prague"]
[Date "2024.08.30"]
[Round "8.6"]
[White "Kocsmar, Akos"]
[Black "Babula, Vlastimil"]
[Result "1/2-1/2"]
[ECO "D90"]
[WhiteElo "2187"]
[BlackElo "2503"]
[Annotator "TA"]
[PlyCount "84"]
[EventDate "2024.08.19"]
[EventType "swiss"]
[EventCountry "CZE"]
[SourceTitle "playchess.com"]
[Source "ChessBase"]
[SourceQuality "1"]
[TimeControl "5400+30"]

1. d4 Nf6 2. c4 g6 3. Nc3 d5 4. Nf3 Bg7 5. h4 dxc4 6. e4 {[%emt 0:00:07][%cal Oc1e3] [#]} c5 $1 7. d5 (7. Bxc4 cxd4) 7... O-O 8. Bxc4 Bg4 (8... b5 $5 9. Bxb5 (9. Nxb5 Nxe4 10. O-O a6 $11) 9... Nxe4 10. Nxe4 Qa5+ 11. Nc3 Bxc3+ 12. bxc3 Qxb5 $11) 9. Qc2 Nbd7 10. Nh2 Ne5 11. Nxg4 Nxc4 12. Nxf6+ Bxf6 13. h5 Qd7 14. Qd3 (14. a4 $14) 14... Ne5 $11 15. Qh3 Qxh3 16. Rxh3 c4 $1 17. Ke2 Nd3 18. Rb1 Rfc8 19. Nd1 b5 20. Bd2 a5 21. b3 Nc5 22. hxg6 fxg6 (22... hxg6 {simplifies} 23. bxc4 Nxe4 24. Rxb5 Rxc4 25. Rxa5 Rxa5 26. Bxa5 Rc2+) 23. bxc4 bxc4 24. Bc3 (24. f3 $11) 24... Nxe4 $15 25. Bxf6 exf6 26. Rb7 h5 {[%emt 0:01:26] Threatens to win with ...c3.} 27. Nc3 Nd6 28. Rb6 Rd8 29. Re3 Rab8 30. Rxb8 (30. Rc6 $11) 30... Rxb8 $11 {[%emt 0:00:01][%mdl 4096] Endgame. KRN-KRN} 31. Re6 {[%emt 0:00:08][%csl LRd6,LRf6] [#]} Rb2+ ({Black should try} 31... Re8 $1 $17 32. Kd2 Rxe6 33. dxe6 Kf8) 32. Kd1 Nf5 33. Ne4 c3 34. Nxc3 Rxf2 35. d6 Nd4 $2 (35... Nxd6 $11 {and Black is okay.} 36. Rxd6 Rxg2) 36. Re8+ $18 Kf7 37. d7 {[%emt 0:00:09][%mdl 1024] White has strong compensation.} Nc6 38. Ne4 (38. d8=R Nxd8 39. Rxd8 Rxg2 40. Rd7+ Ke6 $15) (38. Rc8 Ke6 39. Rxc6+ Kxd7 $16) 38... Rf4 39. Nd6+ ({Stronger than} 39. d8=Q Nxd8 40. Nd6+ Kg7 41. Rxd8 Rf2 $11) (39. Ke2 $18 {Hoping for Nd6+.} f5 40. Nc5 (40. d8=R Nxd8 41. Nd6+ Kf6 $11)) 39... Kg7 $14 {[%emt 0:00:01] [#]} 40. Re7+ $1 Kf8 $1 41. Re8+ (41. Rf7+ $5 Kg8 42. Kc2 $14) 41... Kg7 {[%emt 0:00:13] aiming for ...Rd4+.} 42. Re7+ Kf8 $1 {[%emt 0:00:08] Weighted Error Value: White=0.23 (precise) /Black=0.23 (precise) .  Loses game:     	---       	Black=1      Missed win:     	White=1     	---        Mistake:       	White=3     	Black=1      Inaccurate:     	White=3     	Black=5      OK:         	White=15    	Black=14     Best:        	White=1     	Black=2      Strong:       	---       	Black=3} 1/2-1/2

[Event "EYCC O18-ch 2024"]
[Site "Prague"]
[Date "2024.08.30"]
[Round "8.7"]
[White "Dehtiarov, Roman"]
[Black "Hrbek, Stepan"]
[Result "1-0"]
[ECO "B31"]
[WhiteElo "2308"]
[BlackElo "2414"]
[Annotator "RC"]
[PlyCount "79"]
[EventDate "2024.08.19"]
[EventType "swiss"]
[EventCountry "CZE"]
[SourceTitle "playchess.com"]
[Source "ChessBase"]
[SourceQuality "1"]
[TimeControl "5400+30"]

1. e4 c5 2. Nf3 Nc6 3. Bb5 g6 4. O-O Bg7 5. c3 e5 6. d4 cxd4 7. cxd4 exd4 8. Bf4 a6 9. Ba4 Nge7 10. Bd6 b5 11. Bb3 Bb7 12. Re1 Nc8 13. e5 Nxd6 14. exd6+ Kf8 15. Nbd2 f5 16. a4 Bf6 17. Bd5 Qb8 18. axb5 axb5 19. Qb3 Ra6 20. Ra2 Rxa2 21. Rb1 Ra1 22. Rxa1 Qxd6 23. Qxb5 Kg7 24. Nc4 Qc7 25. Re1 Nd8 26. Nb6 Bxd5 27. Nxd5 Qc6 28. Qb3 Ne6 29. Nxf6 Kxf6 30. Ne5 Qd6 31. h4 Re8 32. h5 g5 33. Qc4 h6 34. Qb5 Re7 35. Nc4 Qf4 36. g3 Qc7 37. Nb6 Qc6 38. Qe5+ Kf7 39. Nd5 Re8 40. Qxf5+ 1-0

[Event "EYCC O18-ch 2024"]
[Site "Prague"]
[Date "2024.08.30"]
[Round "8.7"]
[White "Ribeiro, Gustavo"]
[Black "Ribera Veganzones, Serni"]
[Result "0-1"]
[ECO "A13"]
[WhiteElo "2183"]
[BlackElo "2309"]
[Annotator "RC"]
[PlyCount "78"]
[EventDate "2024.08.19"]
[EventType "swiss"]
[EventCountry "CZE"]
[SourceTitle "playchess.com"]
[Source "ChessBase"]
[SourceQuality "1"]
[TimeControl "5400+30"]

1. c4 e6 2. Nf3 d5 3. e3 Nf6 4. b3 dxc4 5. Bxc4 c5 6. O-O a6 7. Bb2 b5 8. Be2 Bb7 9. d4 Nbd7 10. Nbd2 Be7 11. dxc5 Nxc5 12. Nd4 O-O 13. Bf3 Qb6 14. Bxb7 Qxb7 15. Qe2 Rac8 16. Rac1 Rfd8 17. Rfd1 h6 18. h3 Nd5 19. Nf1 Ne4 20. Qf3 Rxc1 21. Rxc1 Nc5 22. Qe2 Nb4 23. Bc3 Nbd3 24. Rd1 b4 25. Ba1 e5 26. Nf5 Bf8 27. Qg4 Kh7 28. N1g3 g6 29. e4 Rd7 30. Ne3 h5 31. Qf3 h4 32. Ngf5 Qxe4 33. Qxe4 Nxe4 34. Nxh4 Nexf2 35. Rf1 Bc5 36. Nc4 Ng4+ 37. Kh1 Ndf2+ 38. Kg1 Ne4+ 39. Kh1 Ng3# 0-1

[Event "EYCC O18-ch 2024"]
[Site "Prague"]
[Date "2024.08.30"]
[Round "8.8"]
[White "Davtyan, Arsen"]
[Black "Koutlas, Nikolaos"]
[Result "1-0"]
[ECO "B90"]
[WhiteElo "2402"]
[BlackElo "2322"]
[Annotator "RC"]
[PlyCount "61"]
[EventDate "2024.08.19"]
[EventType "swiss"]
[EventCountry "CZE"]
[SourceTitle "playchess.com"]
[Source "ChessBase"]
[SourceQuality "1"]
[TimeControl "5400+30"]

1. e4 c5 2. Nf3 d6 3. d4 cxd4 4. Nxd4 Nf6 5. Nc3 a6 6. Be3 Ng4 7. Bg5 h6 8. Bh4 g5 9. Bg3 Bg7 10. Be2 h5 11. h4 gxh4 12. Bxh4 Nc6 13. Nf5 Bxf5 14. exf5 Bxc3+ 15. bxc3 Qa5 16. Qd3 Nce5 17. Qd2 Rc8 18. Rh3 f6 19. Kf1 Rc5 20. Bg3 Rxc3 21. Bxg4 Nxg4 22. Re1 Qb5+ 23. Kg1 Rc5 24. Bxd6 Rd5 25. Rd3 Rxd3 26. Rxe7+ Kd8 27. cxd3 Re8 28. Rxe8+ Kxe8 29. Qe1+ Kd7 30. Qe6+ Kc6 31. Be5+ 1-0